 Dungeon Crawl Stone Soup version 0.27-a0-1186-g8b4daa1eef (webtiles) character file.

Game seed: 8184043055249193264

81 kek2 the Poker (level 4, -5/34 HPs)
             Began as a Merfolk Gladiator on May 19, 2021.
             Killed from afar by an orc wizard (7 damage)
             ... with a magic dart
             ... on level 3 of the Dungeon.
             The game lasted 00:04:21 (2211 turns).

kek2 the Poker (Merfolk Gladiator)                  Turns: 2211, Time: 00:04:22

Health: -5/34      AC:  4    Str: 14    XL:     4   Next: 40%
Magic:  4/4        EV: 13    Int:  8    God:
Gold:   100        SH:  0    Dex: 15    Spells: 3/3 levels left

rFire    . . .     SeeInvis .   a - +0 trident
rCold    . . .     Faith    +   (no shield)
rNeg     . . .     Spirit   .   b - +0 leather armour
rPois    .         Reflect  .   c - +0 helmet
rElec    .         Harm     .   (no cloak)
rCorr    .         Rampage  .   (no gloves)
Will     .....                  (no boots)
Stlth    +.........             f - amulet of faith
HPRegen  0.11/turn              (no ring)
MPRegen  0.09/turn              (no ring)

@: confused
A: (nimble swimmer 2), mertail
a: no special abilities


You were on level 3 of the Dungeon.
You visited 1 branch of the dungeon, and saw 3 of its levels.

You collected 100 gold pieces.

Inventory:

Hand Weapons
 a - a +0 trident (weapon)
Missiles
 d - 3 throwing nets
 g - 3 boomerangs (quivered)
Armour
 b - a +0 leather armour (worn)
 c - a +0 helmet (worn)
Jewellery
 f - an amulet of faith (around neck)
Scrolls
 e - 5 scrolls of identify {unknown}


   Skills:
 + Level 2.6 Fighting
 * Level 7.1 Polearms
 - Level 2.0 Throwing
 - Level 4.0 Dodging


You had 3 spell levels left.
You didn't know any spells.
Your spell library contained the following spells:

 Spells                   Type           Power      Damage    Failure   Level
 Foxfire                  Conj/Fire      0%         2x1d4     50%         1
 Confusing Touch          Hex            0%         N/A       86%         3
 Conjure Flame            Conj/Fire      0%         6-21      86%         3
 Gell's Gravitas          Tloc           0%         N/A       86%         3
 Inner Flame              Hex/Fire       0%         N/A       86%         3
 Petrify                  Tmut/Erth      0%         N/A       99%         4
 Sticky Flame             Conj/Fire      0%         2d3       99%         4
 Fireball                 Conj/Fire      0%         3d3       100%        5
 Metabolic Englaciation   Hex/Ice        0%         N/A       100%        5
 Yara's Violent Unravell  Hex/Tmut       0%         3d3       100%        5


Dungeon Overview and Level Annotations

Branches:
Dungeon (3/15)

Altars:

Shops:
D:2 :


Innate Abilities, Weirdness & Mutations

((You are quick and stealthy near water. (Stealth+, EV+, Speed+++)))
Your lower body shifts to a powerful aquatic tail in water.


Message History

The orc wizard hits you but does no damage.
The orc wizard gestures at itself while chanting.
The orc wizard flickers and vanishes!
Deactivating autopickup; reactivate with Ctrl-A.
The orc wizard casts a spell at you. The magic dart hits you.
You hear some strange, mumbled words.
A magic dart appears from out of thin air!
The magic dart hits you!
In your confused state, you trip and fall back down the stairs.
* * * LOW HITPOINT WARNING * * *
The orc wizard hits you but does no damage.
You hear some strange, mumbled words.
You are more confused.
You aren't carrying any potions.
You bump into the rock wall.
The orc wizard misses you. Something hits you but does no damage.
You hit the orc wizard but do no damage.
The orc wizard points at you and mumbles some strange words.
The puff of flame misses you. Something barely misses you.
You miss the orc wizard. The orc wizard misses you.
You hear some strange, mumbled words.
A magic dart appears from out of thin air!
The magic dart hits you.
* * * LOW HITPOINT WARNING * * *
You bump into the rock wall.
The orc wizard barely misses you. Something hits you but does no damage.
You bump into the rock wall.
The orc wizard hits you but does no damage.
Something hits you.
* * * LOW HITPOINT WARNING * * *
The orc wizard hits you but does no damage.
Items here: ( ) [ †.
You completely miss the orc wizard.
The orc wizard hits you with a +0 dagger.
* * * LOW HITPOINT WARNING * * *
You hear some strange, mumbled words.
A magic dart appears from out of thin air!
The magic dart hits you!
You die...

#.#####'### #.# #.##......# #.# #
#.##......# #.# .#
##.##......###.####.#
#...#........#......# #
#...#.##.....#.[....# #
###...#...............#
#####..........#......÷...#
+...........#.##@####.....#
#####.....###..o{#....†...# +.#
#.#.#......#.#.####...### #.#
#.#....##.##.# #.......##### #.#
#.#........#.# ##.......##...
#.###.##...##..#$#.##.......##...
#.....#######..#.#.##.......##...
.............................'...
#############......##.......##...


You could see an orc wizard.

Vanquished Creatures
  2 adders
  5 dart slugs
  4 orcs
  2 ball pythons
  4 bats
  5 endoplasms
  4 giant cockroaches
  2 goblins (D:1)
  3 hobgoblins
  7 jackals
  A frilled lizard (D:1)
  3 kobolds
  4 rats (D:2)
46 creatures vanquished.

Notes
Turn   | Place    | Note
-------+----------+-------------------------------------------
     0 | D:1      | kek2 the Merfolk Gladiator began the quest for the Orb.
     0 | D:1      | Reached XP level 1. HP: 16/16 MP: 1/1
   225 | D:1      | Reached skill level 5 in Polearms
   225 | D:1      | Reached XP level 2. HP: 21/22 MP: 2/2
   619 | D:1      | Found a faded altar of an unknown god.
   961 | D:2      | Found Rud Till's Book Shop.
  1030 | D:2      | Reached XP level 3. HP: 21/28 MP: 3/3
  1163 | D:2      | Reached skill level 6 in Polearms
  1625 | D:3      | Reached XP level 4. HP: 26/34 MP: 4/4
  1982 | D:3      | Reached skill level 7 in Polearms
  2211 | D:3      | Killed from afar by an orc wizard

Illustrated notes

Levels and vault maps discovered:
D:1:      psy_arrival_wood_between_worlds, layout_basic,
          shapermc_ecumenical_altar_venn
D:2:      layout_rooms, serial_shops, shop
D:3:      layout_basic

Skill      XL: |  1  2  3  4 |
---------------+-------------+-----
Polearms       | 5 6 7 |  7.1
Fighting       | |  2.6
Throwing       | |  2.0
Dodging        | |  4.0

Action                   |  1- 3 |  4- 6 || total
-------------------------+-------+-------++-------
Melee: Trident           |    88 |    57 ||   145
 Stab: Sleeping          |     1 |     1 ||     2
Armor: Leather armour    |    12 |    18 ||    30
Dodge: Dodged            |    48 |    46 ||    94

Table legend: (Time is in decaauts)
 A = Elapsed time spent in this place.
 B = Non-inter-level travel time spent in this place.
 C = Inter-level travel time spent in this place.
 D = Time resting spent in this place.
 E = Time spent auto-exploring this place.
 F = Levels seen in this place.
 G = Mean time per level.
                   A        B        C        D        E       F      G
               +--------+--------+--------+--------+--------+-----+--------+
         Total |   2211 |   2146 |     65 |    161 |   1662 |   3 |  737.0 |
       Dungeon |   2211 |   2146 |     65 |    161 |   1662 |   3 |  737.0 |
               +--------+--------+--------+--------+--------+-----+--------+

Top non-repeatable levels by time:
     D:1: 962 daAuts
     D:2: 818 daAuts
     D:3: 430 daAuts
